 Dungeon Crawl Stone Soup version 0.31.0-11-ge490571c62 (webtiles) character file.

Game seed: 7644413618631157886

451 Peloso the Covered (level 6, -5/53 HPs)
             Began as a Minotaur Fighter on Feb 9, 2024.
             Killed from afar by a ynoxinul (8 damage)
             ... with an iron shot
             ... on level 1 of the Abyss.
             The game lasted 00:05:54 (2914 turns).

Peloso the Covered (Minotaur Fighter)               Turns: 2914, Time: 00:05:56

Health: -5/53      AC:  8    Str: 21    XL:     6   Next: 75%
Magic:  5/5        EV: 10    Int:  5    God:
Gold:   114        SH:  4    Dex: 11    Spells: 5/5 levels left

rFire   . . .        a - +0 long sword
rCold   . . .        d - +0 buckler
rNeg    . . .        b - +0 scale mail
rPois   .            (helmet restricted)
rElec   .            (no cloak)
rCorr   .            (no gloves)
SInv    .            q - +0 pair of boots
Will    .....        (no amulet) Stlth
                     h - ring of flight
HPRegen 0.28/turn    (no ring)
MPRegen 0.09/turn

%: no passive effects
@: flying
A: horns 2, retaliatory headbutt, noise suppression
a: no special abilities


You were on level 1 of the Abyss.
You visited 1 branch of the dungeon, and saw 4 of its levels.
You visited the Abyss 1 time.

You collected 114 gold pieces.

Inventory:

Hand Weapons
 a - a +0 long sword (weapon)
 c - a +1 whip of flaming
Armour
 b - a +0 scale mail (worn)
 d - a +0 buckler (worn)
 q - a +0 pair of boots (worn)
Jewellery
 h - a ring of flight (left hand)
 l - a ring of wizardry
Talismans
 k - a serpent talisman
Scrolls
 f - a scroll of identify {unknown}
 g - a scroll of fog
 o - a scroll of noise {unknown}
 p - a scroll of poison
 r - a scroll of blinking {unknown}
Potions
 e - a potion of enlightenment {unknown}
 i - 5 potions of might
 m - a potion of curing
 n - 2 potions of mutation
 s - a potion of ambrosia {unknown}


   Skills:
 + Level 4.7 Fighting
 + Level 5.5 Long Blades
 + Level 6.2 Armour
 + Level 1.9 Dodging
 + Level 4.3 Shields


You had 5 spell levels left.
You didn't know any spells.
Your spell library contained the following spells:

 Spells                   Type           Power      Damage    Failure   Level
 Magic Dart               Conj           0%         1d3       86%         1
 Blink                    Tloc           0%         N/A       94%         2
 Call Imp                 Summ           0%         N/A       94%         2
 Volatile Blastmotes      Fire/Tloc      0%         2d10      99%         3
 Fulminant Prism          Conj/Alch      0%         3d5       100%        4
 Iskenderun's Mystic Bla  Conj/Tloc      0%         2d3       100%        4


Dungeon Overview and Level Annotations

Branches:
Dungeon (4/15)
 Temple: D:4-7

Altars:
Dithmenos
Fedhas
Sif Muna
Xom

Annotations:
D:4 1 runed translucent door, Crazy Yiuf


Innate Abilities, Weirdness & Mutations

You have a pair of horns on your head.
You reflexively headbutt those who attack you in melee.
You passively dampen the noise of your surroundings.


Message History

Unknown command.
The ynoxinul gestures.
Found a gateway leading deeper into the Abyss.
The ufetubus slips past you!
The ufetubus hits you but does no damage. x2
The purple draconian shifter casts a spell.
The purple draconian shifter blinks!
You hit the ufetubus but do no damage. The ufetubus hits you.
* * * LOW HITPOINT WARNING * * *
The ufetubus hits you.
* * * LOW HITPOINT WARNING * * *
You block the ufetubus's attack. x2
The ufetubus attacks as it pursues you! You block the ufetubus's attack.
The ufetubus hits you but does no damage.
You block the ufetubus's attack.
The ufetubus hits you but does no damage.
The ufetubus barely misses you.
The ufetubus hits you but does no damage.
The ufetubus closely misses you.
The ufetubus hits you but does no damage.
The purple draconian shifter points at you and mumbles some strange words.
The ufetubus barely misses you. The ufetubus closely misses you.
The ynoxinul closely misses you.
The purple draconian shifter gestures wildly while chanting.
The purple draconian shifter blinks!
There is a gateway leading deeper into the Abyss here.
The ufetubus hits you.
* * * LOW HITPOINT WARNING * * *
The ufetubus closely misses you. The ufetubus hits you.
* * * LOW HITPOINT WARNING * * *
The ufetubus barely misses you. The ufetubus slips past you!
The ufetubus hits you but does no damage.
The ufetubus hits you.
* * * LOW HITPOINT WARNING * * *
The ufetubus hits you.
* * * LOW HITPOINT WARNING * * *
You block the ufetubus's attack. The ynoxinul gestures at you.
The iron shot hits you!
You die...

....... ..... #......
#.... #
#......##...#####.
...........#.....#
......q.....#.# .#
..............##.# #
.......35..#.# ...
......5@...#.##.#.##
.....#..5.......#. # #
#.. ##...#..##.§#.##
## . #.....#.#..#.##.
#q .......§#...#..## .
.
............#.53.##...
.........#### ..#.. ..
...#...... .#..#q #.
..###...#....##.#... .


You could see a purple draconian shifter, a ynoxinul and 3 ufetubi.

Vanquished Creatures
  A scorpion (D:3)
  A gnoll bouda (D:4)
  An iguana (D:4)
  Natasha (thrice) (D:3)
  An orc wizard (D:4)
  4 adders
  10 gnolls
  A ribbon worm (D:2)
  3 dart slugs
  9 orcs
  2 ball pythons
  11 endoplasms
  2 giant cockroaches (D:2)
  5 hobgoblins
  3 jackals (D:1)
  8 quokkas
  5 bats
  4 frilled lizards
  6 goblins
  8 kobolds
  7 rats
95 creatures vanquished.

Notes
Turn   | Place    | Note
-------+----------+-------------------------------------------
     0 | D:1      | Peloso the Minotaur Fighter began the quest for the Orb.
     0 | D:1      | Reached XP level 1. HP: 19/19 MP: 0/0
   212 | D:1      | Reached XP level 2. HP: 27/27 MP: 1/1
   243 | D:1      | Reached skill level 4 in Armour
   567 | D:1      | Reached XP level 3. HP: 33/33 MP: 2/2
   745 | D:1      | Found a blossoming altar of Fedhas.
   750 | D:1      | Gained mutation: You have large cloven feet. [potion of
                  | mutation]
   750 | D:1      | Lost mutation: You have large cloven feet. [potion of
                  | mutation]
   750 | D:1      | Gained mutation: You passively dampen the noise of your
                  | surroundings. [potion of mutation]
   903 | D:2      | Found a faded altar of an unknown god.
  1142 | D:2      | Reached XP level 4. HP: 22/40 MP: 3/3
  1213 | D:2      | Found a shadowy altar of Dithmenos.
  1496 | D:3      | Found a shimmering altar of Xom.
  1505 | D:3      | Noticed Natasha
  1530 | D:3      | Killed Natasha
  1531 | D:3      | Reached skill level 1 in Dodging
  1533 | D:3      | Reached XP level 5. HP: 10/46 MP: 4/4
  1894 | D:3      | Noticed Natasha
  1902 | D:3      | Killed Natasha
  1944 | D:3      | Noticed Natasha
  1951 | D:3      | Killed Natasha
  1952 | D:3      | Reached skill level 5 in Armour
  2089 | D:3      | Reached skill level 5 in Long Blades
  2089 | D:3      | Reached XP level 6. HP: 33/53 MP: 5/5
  2637 | D:4      | Found a runed translucent door.
  2638 | D:4      | Noticed Crazy Yiuf
  2700 | D:4      | Found a shimmering blue altar of Sif Muna.
  2858 | D:4      | Reached skill level 6 in Armour
  2865 | Abyss:1  | Cast into level 1 of the Abyss (gnoll)
  2869 | Abyss:1  | Noticed a ynoxinul
  2895 | Abyss:1  | Noticed a purple draconian shifter
  2897 | Abyss:1  | Noticed a smoke demon
  2914 | Abyss:1  | Killed from afar by a ynoxinul

Illustrated notes

Levels and vault maps discovered:
D:1:      dpeg_arrival_lava_altar, layout_loops_ring
D:2:      layout_basic, shapermc_ecumenical_altar_totnotflames, basic_altar
D:3:      layout_rooms, overflow_temple_1_default, uniq_natasha
D:4:      layout_cave_pools, mainiacjoe_overflow_alcove_4, uniq_duvessa,
          uniq_crazy_yiuf_cottage
Abyss:1:  base: D:1, minivault_27

Skill      XL: |  1  2  3  4  5  6 |
---------------+-------------------+-----
Armour         | 4 5 6 |  6.2
Shields        | 4 |  4.3
Fighting       | 4 |  4.7
Long Blades    | 3 4 5 |  5.5
Dodging        | 1 |  1.9

Action                     |  1- 3 |  4- 6 || total
---------------------------+-------+-------++-------
  Melee: Long sword        |    82 |   110 ||   192
         Headbutt          |     9 |    24 ||    33
         Whip              |     1 |       ||     1
    Use: Potion            |     4 |     1 ||     5
         Scroll            |       |     6 ||     6
 Armour: Scale mail        |    56 |   133 ||   189
  Dodge: Dodged            |    43 |   108 ||   151
  Block: Buckler           |    17 |    32 ||    49
